Match 29408781
Unlisted

Match 29408781
End
Construct Barracks
Engineer Squad
Riflemen Squad
Riflemen Squad
Riflemen Squad
Construct Medical Station
Infantry Support Center
Construct Motor Pool
Selects Advanced Infantry Battlegroup
Selects Convert to Ranger Squad
Selects Frontline Medical Station
Convert to Ranger Squad
Frontline Medical Station
Ranger Squad
.30 cal Machine Gun
.30 cal Machine Gun
Mortar Pit
Construct Tank Depot
Selects Infantry Assault
M4(105) Sherman Bulldozer
Selects Artillery Observers
Selects M2A1 105mm Howitzer Emplacement
Selects 155mm Rapid Artillery Barrage
M18 Hellcat Tank Destroyer
Five
persszpady
Nukepapa
burchbeer92
0
0

Comments sign in to comment!

No comments posted yet!